 Dungeon Crawl Stone Soup version 0.28-a0-1518-gbe868bca14 (webtiles) character file.

Game seed: 11118117309184619658

593 knot the Chopper (level 7, 68/78 HPs)
             Began as a Demonspawn Berserker on Jan 16, 2022.
             Was a Priest of Trog.
             Quit the game on level 4 of the Dungeon.
             The game lasted 00:06:20 (4685 turns).

knot the Chopper (Demonspawn Berserker)             Turns: 4685, Time: 00:06:20

Health: 68/78      AC:  6    Str: 23    XL:     7   Next: 16%
Magic:  7/7        EV: 11    Int: 11    God:    Trog [***...]
Gold:   170        SH:  0    Dex: 12    Spells: 6/6 levels left

rFire   . . .      SeeInvis .   u - +0 war axe
rCold   . . .      Faith    +   (no shield)
rNeg    . . .      Spirit   .   c - +0 ring mail
rPois   .          Reflect  .   j - +0 helmet
rElec   .          Harm     .   (no cloak)
rCorr   .          Rampage  .   (no gloves)
Will    .....                   (no boots)
Stlth   ..........              h - amulet of faith
HPRegen 0.23/turn               e - +6 ring of strength
MPRegen 0.10/turn               (no ring)

@: berserking, very quick
A: claws 2, spiny 1, sturdy frame 1
a: Renounce Religion, Berserk, Trog's Hand


You were on level 4 of the Dungeon.
You worshipped Trog.
Trog was most pleased with you.
You visited 1 branch of the dungeon, and saw 4 of its levels.

You collected 170 gold pieces.

Inventory:

Hand Weapons
 a - a +0 hand axe
 u - a +0 war axe (weapon)
Missiles
 d - 18 stones (quivered)
Armour
 c - a +0 ring mail (worn)
 j - a +0 helmet (worn)
Jewellery
 e - a +6 ring of strength (left claw)
 h - an amulet of faith (around neck)
Scrolls
 b - a scroll of fog {unknown}
 f - a scroll of holy word {unknown}
 g - a scroll of immolation {unknown}
 k - 5 scrolls of identify {unknown}
 l - a scroll of noise {unknown}
 q - a scroll of fear {unknown}
 r - a scroll of brand weapon {unknown}
 s - a scroll of magic mapping {unknown}
Potions
 i - 2 potions of mutation {unknown}
 m - a potion of degeneration {unknown}
 n - a potion of might {unknown}
 o - a potion of haste {unknown}
 p - a potion of invisibility
 t - a potion of brilliance {unknown}


   Skills:
 - Level 3.0 Fighting
 * Level 7.3 Axes
 * Level 1.5 Throwing
 - Level 1.7 Armour
 - Level 1.7 Dodging


You had 6 spell levels left.
You didn't know any spells.
Your spell library contained the following spells:

 Spells                   Type           Power      Damage    Failure   Level
 Shock                    Conj/Air       0%         1d3       41%         1
 Blink                    Tloc           0%         N/A       56%         2
 Swiftness                Air            0%         N/A       80%         3
 Airstrike                Air            0%         N/A       99%         4
 Manifold Assault         Tloc           0%         N/A       100%        5
 Storm Form               Tmut/Air       0%         N/A       100%        7


Dungeon Overview and Level Annotations

Branches:
Dungeon (4/15)
 Temple: D:4-7

Altars:

Shops:
D:1 [   D:3 =


Innate Abilities, Weirdness & Mutations

You have very sharp fingernails.
You are partially covered in sharp spines.
Your movements are slightly less encumbered by armour. (ER -2)


Message History

Eustachio hits you with a +0 rapier.
Eustachio gestures wildly while chanting.
There is a stone staircase leading up here.
A red film seems to cover your vision as you go berserk!
You feel yourself moving faster!
You feel mighty! The bat hits you but does no damage.
The bat closely misses you. The bat hits you but does no damage.
Eustachio hits you but does no damage.
You slash Eustachio!
Eustachio is moderately wounded.
You closely miss the bat. You barely miss the bat. The bat barely misses you.
The bat hits you but does no damage.
You miss Eustachio.
Eustachio is moderately wounded.
You slash the bat!
You kill the bat!
The bat's corpse disappears in a puff of smoke!
Eustachio barely misses you. The bat hits you but does no damage.
You closely miss Eustachio.
Eustachio is moderately wounded.
You slash the rat!
You kill the rat!
The rat's corpse disappears in a puff of smoke!
You miss the bat. The bat closely misses you.
Eustachio hits you with a +0 rapier.
You barely miss Eustachio.
Eustachio is moderately wounded.
You barely miss the bat. The bat barely misses you.
You slice Eustachio!!
Eustachio is almost dead.
The bat closely misses you. Eustachio closely misses you. The bat hits you.
You slash Eustachio!
You kill Eustachio!
Trog accepts your kill.
Trog appreciates your killing of a magic user.
The bat disappears in a puff of smoke!
Your Throwing skill increases to level 1!
You have reached level 7!
Your demonic ancestry asserts itself...
Sharp spines emerge from parts of your body.
Are you sure you want to abandon this character and quit the game? (Confirm with "yes".)

..........# ..######
..........# #......##
..........# ##........
..........###.........
...........##.........
........#.....)†......
....######............
### ##)§.........
#@.........(
##..........
##......... ##........
#........ #......
..... ##.


There were no monsters in sight!

Vanquished Creatures
  Eustachio (D:4)
  An ogre (D:3)
  A vampire bat (D:3)
  A hound (D:4)
  An iguana (D:4)
  5 adders
  4 gnolls (D:2)
  A worm (D:2)
  2 dart slugs
  3 fire bats (D:3)
  11 orcs (D:3)
  2 spectral bats (D:3)
  15 bats
  3 bat skeletons (D:3)
  A bat zombie (D:3)
  4 endoplasms
  8 goblins
  4 hobgoblins
  13 jackals
  5 kobolds
  3 quokkas
  8 ball pythons
  A bat simulacrum (D:3)
  3 frilled lizards
  6 rats
107 creatures vanquished.

Notes
Turn   | Place    | Note
-------+----------+-------------------------------------------
     0 | D:1      | knot the Demonspawn Berserker began the quest for the Orb.
     0 | D:1      | Reached XP level 1. HP: 18/18 MP: 1/1
   183 | D:1      | Reached skill level 3 in Axes
   441 | D:1      | Gained mutation: Your movements are slightly less
                  | encumbered by armour. (ER -2) [demonic ancestry]
   441 | D:1      | Reached XP level 2. HP: 24/24 MP: 2/2
   955 | D:1      | Found Uschu Optamu's Antique Armour Shop.
  1042 | D:1      | Gained mutation: You have sharp fingernails. [demonic
                  | ancestry]
  1042 | D:1      | Reached XP level 3. HP: 27/29 MP: 3/3
  1443 | D:2      | Found a faded altar of an unknown god.
  1628 | D:2      | Reached ** piety under Trog
  1655 | D:2      | Reached skill level 4 in Axes
  1767 | D:2      | Gained mutation: You have very sharp fingernails. [demonic
                  | ancestry]
  1767 | D:2      | Reached XP level 4. HP: 12/35 MP: 4/4
  2983 | D:2      | Reached skill level 5 in Axes
  3263 | D:3      | Reached XP level 5. HP: 41/41 MP: 5/5
  3330 | D:3      | Noticed an ogre
  3340 | D:3      | Killed an ogre
  3341 | D:3      | Reached skill level 6 in Axes
  3504 | D:3      | Found Gaisor's Jewellery Shoppe.
  3562 | D:3      | Reached *** piety under Trog
  3567 | D:3      | Reached XP level 6. HP: 45/47 MP: 6/6
  4610 | D:4      | Reached skill level 7 in Axes
  4622 | D:4      | Noticed Eustachio
  4684 | D:4      | Killed Eustachio
  4685 | D:4      | Reached skill level 1 in Throwing
  4685 | D:4      | Gained mutation: You are partially covered in sharp spines.
                  | [demonic ancestry]
  4685 | D:4      | Reached XP level 7. HP: 52/52 MP: 7/7
  4685 | D:4      | Quit the game

Illustrated notes

Levels and vault maps discovered:
D:1:      nagdon_arrival_double_spiral, layout_basic, serial_shops, shop,
          fountainhead
D:2:      layout_basic, serial_forest, infiniplex_forest_lined_3,
          infiniplex_forest_lined_4_way, infiniplex_forest_clump_diagonal,
          infiniplex_forest_lined_room_3, infiniplex_forest_lined_corner,
          infiniplex_forest_clump_diagonal, infiniplex_forest_straight_2,
          infiniplex_forest_end_2, infiniplex_forest_clump_small,
          nicolae_ecumenical_oubliette, minmay_misc_feat_alley,
          kennysheep_generic_room_7
D:3:      minmay_skewed_foursquare, layout_rooms, serial_shops,
          nicolae_shop_window_shopping, goddamned_bats
D:4:      layout_cave_pods, serial_column_ruins, column_ruins_hut,
          column_ruins_grid_1, column_ruins_grid_1, column_ruins_grid_2,
          column_ruins_open_tiny, column_ruins_open_small, uniq_eustachio,
          uniq_edmund

Skill      XL: |  1  2  3  4  5  6 |
---------------+-------------------+-----
Axes           | 3 4 5 6 7 |  7.3
Throwing       | 1 |  1.5
Fighting       | |  3.0
Armour         | |  1.7
Dodging        | |  1.7

Action                   |  1- 3 |  4- 6 |  7- 9 || total
-------------------------+-------+-------+-------++-------
Melee: Hand axe          |    87 |   195 |       ||   282
       War axe           |       |    34 |       ||    34
       Punch             |       |     1 |       ||     1
Throw: Stone             |       |     1 |       ||     1
Invok: Berserk           |     3 |     1 |       ||     4
       Trog's Hand       |     1 |       |       ||     1
  Use: Potion            |     2 |       |       ||     2
Armor: Ring mail         |    24 |   122 |       ||   146
       Animal skin       |     1 |       |       ||     1
Dodge: Dodged            |    53 |   205 |       ||   258

Table legend: (Time is in decaauts)
 A = Elapsed time spent in this place.
 B = Non-inter-level travel time spent in this place.
 C = Inter-level travel time spent in this place.
 D = Time resting spent in this place.
 E = Time spent auto-exploring this place.
 F = Levels seen in this place.
 G = Mean time per level.
                   A        B        C        D        E       F      G
               +--------+--------+--------+--------+--------+-----+--------+
         Total |   4726 |   4583 |    143 |   1353 |   2555 |   4 | 1181.5 |
       Dungeon |   4726 |   4583 |    143 |   1353 |   2555 |   4 | 1181.5 |
               +--------+--------+--------+--------+--------+-----+--------+

Top non-repeatable levels by time:
     D:2: 1601 daAuts
     D:1: 1532 daAuts
     D:3: 1467 daAuts
     D:4: 124 daAuts
